 Dungeon Crawl Stone Soup version 0.28.0-43-g3370ac3207 (webtiles) character file.

Game seed: 12768028086822858600

7373 Faeu the Fighter (level 10, -6/94 HPs)
             Began as a Minotaur Fighter on Mar 20, 2022.
             Was a Priest of the Shining One.
             Mangled by a two-headed ogre
             ... wielding a +0 giant club
              (13 damage)
             ... on level 10 of the Dungeon.
             The game lasted 01:06:19 (9082 turns).

Faeu the Fighter (Minotaur Fighter)                 Turns: 9082, Time: 01:06:20

Health: -6/94      AC: 16    Str: 24    XL:     10   Next: 91%
Magic:  6/9        EV:  8    Int: 16    God:    the Shining One [***...]
Gold:   420        SH: 15    Dex: 14    Spells: 9/9 levels left

rFire   + . .      SeeInvis +   p - +5 whip of the Insatiable Knives {vorpal, rN+ Dex+3, mace}
rCold   . . .      Faith    .   l - +2 buckler of the Yeti {Contam rPois rF+ Int+5}
rNeg    + + .      Spirit   .   K - +2 chain mail {Will+}
rPois   +          Reflect  .   (helmet restricted)
rElec   .          Harm     .   (no cloak)
rCorr   .          Rampage  .   t - +0 pair of gloves
Will    +....                   s - +0 pair of boots
Stlth   ..........              y - amulet of magic regeneration {@e2}
HPRegen 0.25/turn               q - ring of see invisible
MPRegen 0.51/turn               C - +6 ring of intelligence

@: divinely shielded, about to teleport, glowing
A: horns 2, retaliatory headbutt
a: Renounce Religion, Divine Shield, Cleansing Flame


You were on level 10 of the Dungeon.
You worshipped the Shining One.
The Shining One was most pleased with you.
You visited 2 branches of the dungeon, and saw 11 of its levels.

You collected 546 gold pieces.
You spent 126 gold pieces at shops.


Innate Abilities, Weirdness & Mutations

You have a pair of horns on your head.
You reflexively headbutt those who attack you in melee.


   Skills:
 + Level 10.8 Fighting
 + Level 10.4 Long Blades
 + Level 10.7 Armour
 + Level 10.7 Shields


You had 9 spell levels left.
You didn't know any spells.
Your spell library contained the following spells:

 Spells                   Type           Power      Damage    Failure   Level
 Animate Skeleton         Necr           0%         N/A       83%         1
 Apportation              Tloc           0%         N/A       83%         1
 Pain                     Necr           0%         1d4       83%         1
 Summon Small Mammal      Summ           0%         N/A       83%         1
 Dazzling Flash           Conj/Hex       0%         N/A       99%         3
 Gell's Gravitas          Tloc           0%         N/A       99%         3
 Lesser Beckoning         Tloc           0%         N/A       99%         3
 Teleport Other           Tloc           0%         N/A       99%         3
 Vampiric Draining        Necr           0%         2d6       99%         3
 Iskenderun's Mystic Bla  Conj/Tloc      0%         2d3       100%        4
 Agony                    Necr           0%         N/A       100%        5
 Silence                  Hex/Air        0%         N/A       100%        5
 Starburst                Conj/Fire      0%         6d3       100%        6

Inventory:

Hand Weapons
 a - a +0 long sword {long}
 p - the +5 whip of the Insatiable Knives (weapon) {vorpal, rN+ Dex+3, mace}
   (You found it on level 3 of the Dungeon)

   It inflicts extra damage upon your enemies.
   Dex:       It affects your dexterity (+3).
   rN:        It protects you from negative energy.
 H - a +0 short sword {short}
   (You took it off a kobold on level 9 of the Dungeon)
 I - a +3 short sword {short}
   (You took it off an orc on level 7 of the Dungeon)
Missiles
 b - 33 poisoned darts {throwing}
 f - 3 boomerangs {throwing}
 h - 262 stones {throwing}
 i - 22 arrows
 J - 2 throwing nets (quivered) {=f!fthrowing}
Armour
 l - the +2 buckler of the Yeti (worn) {Contam rPois rF+ Int+5}
   (You found it on level 6 of the Dungeon)

   Int:       It affects your intelligence (+5).
   rF:        It protects you from fire.
   rPois:     It protects you from poison.
   Contam:    It causes magical contamination when unequipped.
 s - a +0 pair of boots (worn)
   (You found it on level 3 of the Dungeon)
 t - a +0 pair of gloves (worn)
   (You found it on level 3 of the Dungeon)
 F - a +0 kite shield of protection
   (You bought it in a shop on level 6 of the Dungeon)
 K - a +2 chain mail of willpower (worn)
   (You took it off Harold on level 7 of the Dungeon)
Jewellery
 q - a ring of see invisible (left hand)
   (You found it on level 3 of the Dungeon)
 y - an amulet of magic regeneration (around neck) {@e2}
   (You found it on level 3 of the Dungeon)
 z - a ring of ice
   (You found it on level 9 of the Dungeon)
 C - a +6 ring of intelligence (right hand)
   (You found it on level 5 of the Dungeon)
Wands
 m - a wand of acid (6)
   (You found it on level 8 of the Dungeon)
 v - a wand of mindburst (7)
   (You found it on level 8 of the Dungeon)
 G - a wand of flame (15)
   (You found it on level 10 of the Dungeon)
 L - a wand of polymorph (4)
   (You took it off Maggie on level 7 of the Dungeon)
 O - a wand of charming (6)
   (You found it on level 9 of the Dungeon)
Scrolls
 e - 4 scrolls of identify {@r1}
 k - 4 scrolls of blinking {!r}
 n - a scroll of enchant armour {unknown}
 o - 3 scrolls of amnesia {unknown}
 u - 2 scrolls of summoning {unknown}
 w - 4 scrolls of teleportation {@r4}
 x - a scroll of magic mapping {unknown}
 A - 3 scrolls of vulnerability {unknown}
 B - 5 scrolls of enchant weapon {unknown}
 E - 2 scrolls of fear {unknown}
 P - a scroll of fog {unknown}
 S - a scroll of holy word {unknown}
Potions
 c - 2 potions of heal wounds {@q2}
 d - a potion of might
 g - a potion of curing {@q1}
 j - 2 potions of resistance
 r - a potion of flight
 D - a potion of lignification {unknown}
 M - a potion of degeneration {unknown}
 Q - a potion of mutation {unknown}
 R - a potion of ambrosia {unknown}

Dungeon Overview and Level Annotations

Branches:
Dungeon (10/15)            Temple (1/1) D:4
   Lair: D:8-11         Orc: D:9-12

Altars:
Ashenzari
Fedhas
The Shining One

Shops:
D:6 [(=[

###### #....# #....#
#....# #....# #....
#...l########### ##....
##'##YY@.......# #.....
#....#YO......# #.....
#.(..#........# #.....
#..<.#........# #.....
#....#........####.....
########+#.......h.....
#..[..........
#.............
#........#####


You could see a two-headed ogre, 3 yaks and a basilisk.


Message History

The yak gores you.
* * * LOW HITPOINT WARNING * * *
You climb upwards.
The kobold demonologist mumbles some strange words.
There is a stone staircase leading down here.
You hit the yak. You headbutt the yak. You block the yak's attack.
You whack the yak! The yak gores you!
* * * LOW HITPOINT WARNING * * *
😱 HP[-10]
You take 10 damage, and now have 15/94 hp.
You whack the yak! You block the yak's attack. The yak barely misses you.
The orange demon stings you but does no damage.
You climb downwards.
The yak closely misses you. The yak barely misses you. You furiously retaliate!
You headbutt the yak. The howler monkey hits you.
* * * LOW HITPOINT WARNING * * *
There is a stone staircase leading up here.
You hit the yak. The yak gores you but does no damage.
You block the yak's attack. The yak gores you.
* * * LOW HITPOINT WARNING * * *
The howler monkey closely misses you. You furiously retaliate!
You headbutt the howler monkey. 😱 HP[-3]
You take 3 damage, and now have 12/94 hp.
You fail to use your ability.
The howler monkey hits you but does no damage.
You block the yak's attack. The yak gores you but does no damage.
The yak gores you.
* * * LOW HITPOINT WARNING * * *
The howler monkey hits you but does no damage. 😱 HP[-5]
You take 5 damage, and now have 7/94 hp.
You feel much better.
The yak gores you but does no damage. x2
The yak barely misses you. You furiously retaliate!
You headbutt the yak, but do no damage.
You block the howler monkey's attack. 😨 HP[+26]
You regained 26 hp, and now have 33/94 hp.
There are monsters nearby!
You block the howler monkey's attack. The yak closely misses you.
Things that are here:
88 arrows; 24 bolts; 16 sling bullets
There is an open door here. 😨 HP[+1]
The yak gores you!
* * * LOW HITPOINT WARNING * * *
😨 HP[-9]
You take 9 damage, and now have 25/94 hp.
You barely miss the yak. You headbutt the yak! The basilisk gazes at you.
You resist with almost no effort. You block the yak's attack.
You hit the yak but do no damage. The basilisk gazes at you.
You resist with almost no effort.
The howler monkey hoots and howls with incredible vigour!
You hear two shouts!
You hear an angry growl.
You hit the yak but do no damage. You block the yak's attack.
The yak barely misses you. You furiously retaliate!
You headbutt the yak! 😨 HP[+1]
The basilisk bites you!
* * * LOW HITPOINT WARNING * * *
😱 HP[-14]
You take 14 damage, and now have 12/94 hp.
The basilisk bites you but does no damage.
The basilisk gazes at you. You resist with almost no effort.
You feel better. You block the howler monkey's attack.
The yak gores you but does no damage. 😱 HP[+11]
You regained 11 hp, and now have 23/94 hp.
You see here a +0 shortbow {bow}.
The howler monkey closely misses you.
You hit the howler monkey. You headbutt the howler monkey!
The howler monkey hoots and howls with incredible vigour!
You hit the howler monkey.
You kill the howler monkey!
The yak gores you but does no damage. 😨 HP[+1]
You hit the yak.
A two-headed ogre comes into view.
It is wielding a +0 giant club and a +0 giant spiked club.
You hit the yak. You headbutt the yak. The yak closely misses you.
You hit the yak. The yak closely misses you.
You block the yak's attack. 😨 HP[+1]
You hit the yak. You headbutt the yak! The yak completely misses you.
The yak barely misses you. The yak gores you.
* * * LOW HITPOINT WARNING * * *
😱 HP[-3]
You take 3 damage, and now have 22/94 hp.
As you read the scroll of teleportation {@r4}, it crumbles to dust.
You feel strangely unstable. You block the yak's attack.
The yak gores you but does no damage.
You feel better. The yak gores you but does no damage.
The yak barely misses you. 😨 HP[+11]
You regained 11 hp, and now have 33/94 hp.
Your shield is strengthened by the Shining One's divine power.
The yak gores you but does no damage. x2
The two-headed ogre hits you with a +0 giant club!!
* * * LOW HITPOINT WARNING * * *
The two-headed ogre hits you with a +0 giant spiked club!
You die...

Skill      XL: |  1  2  3  4  5  6  7  8  9 10 |
---------------+-------------------------------+-----
Shields        | 4 5 6 8 9 10 | 10.7
Fighting       | 4 5 6 8 9 10 | 10.8
Armour         | 4 5 6 8 9 10 | 10.7
Long Blades    | 3 4 5 6 7 9 10 | 10.4

Action                   |  1- 3 |  4- 6 |  7- 9 | 10-12 || total
-------------------------+-------+-------+-------+-------++-------
Melee: Long sword        |    82 |    12 |       |       ||    94
       Headbutt          |    17 |    15 |    57 |    57 ||   146
       Whip              |       |    90 |   216 |   170 ||   476
       Unarmed           |       |       |       |     9 ||     9
Throw: Stone             |       |     8 |    17 |       ||    25
       Dart              |       |       |     5 |    12 ||    17
       Throwing net      |       |       |       |     1 ||     1
Invok: Divine Shield     |       |       |       |     1 ||     1
Evoke: Wand              |       |       |       |     2 ||     2
  Use: Potion            |       |       |     1 |    11 ||    12
       Scroll            |       |       |       |     6 ||     6
Armor: Scale mail        |    19 |       |       |       ||    19
       Chain mail        |    40 |    52 |    98 |   109 ||   299
Dodge: Dodged            |    36 |    28 |    58 |    81 ||   203
Block: Buckler           |    20 |       |    51 |    95 ||   166
       Kite shield       |     1 |    38 |    45 |       ||    84

Levels and vault maps discovered:
D:1:      saegor_arrival_under_anarchy, layout_loops_corners,
          dreamdust_ecumenical_altar_hidden_monk_grotto,
          chequers_serial_rivers_small_a, chequers_serial_rivers_small_3,
          minmay_3d_cube
D:2:      layout_rooms, basic_altar, uniq_natasha
D:3:      layout_basic, uniq_robin
D:4:      layout_rooms, temple_fountains
D:5:      layout_rooms, serial_rivers, chequers_serial_rivers_marsh,
          chequers_serial_rivers_micro_e, chequers_serial_rivers_small_a,
          chequers_serial_rivers_marsh, chequers_serial_rivers_large_b,
          hangedman_decor_peaks_small
D:6:      layout_rooms, minmay_shop_grid_forest, uniq_duvessa
D:7:      layout_basic, grunt_ministairs_10, uniq_maggie, uniq_harold,
          uniq_joseph
D:8:      layout_rooms, mainiacjoe_overflow_catwalk
D:9:      layout_cave_pools, uniq_grum
D:10:     nzn_motion_control, layout_gridville, david_lair_generic,
          minmay_orc_entry_guard_dogs
Temple:   mainiacjoe_temple_trianglar_array

Notes
Turn   | Place    | Note
-------+----------+-------------------------------------------
     0 | D:1      | Faeu the Minotaur Fighter began the quest for the Orb.
     0 | D:1      | Reached XP level 1. HP: 19/19 MP: 0/0
     0 | D:1      | magus.rc [v1.9.6]
   160 | D:1      | Reached XP level 2. HP: 25/27 MP: 1/1
   380 | D:1      | Reached skill level 4 in Shields
   386 | D:1      | Reached skill level 4 in Fighting
   386 | D:1      | Reached skill level 4 in Armour
   477 | D:1      | Reached skill level 3 in Long Blades
   530 | D:1      | Reached XP level 3. HP: 33/33 MP: 2/2
   550 | D:1      | You pick up a book of Necromancy and begin reading...
   550 | D:1      | You add the spells Pain, Animate Skeleton and Vampiric
                  | Draining to your library.
   897 | D:1      | Found a faded altar of an unknown god.
  1190 | D:1      | Prayed at the altar of an unknown god.
  1190 | D:1      | Became a worshipper of the Shining One
  1190 | D:1      | Reached * piety under the Shining One
  1461 | D:2      | Reached XP level 4. HP: 40/40 MP: 3/3
  1627 | D:2      | Noticed Natasha
  1634 | D:2      | Killed Natasha
  1741 | D:2      | Found a broken altar of Ashenzari.
  1803 | D:3      | Identified the +5 whip of the Insatiable Knives {vorpal,
                  | rN+ Dex+3}
  2018 | D:3      | Noticed Robin
  2041 | D:3      | Killed Robin
  2042 | D:3      | Reached XP level 5. HP: 45/47 MP: 4/4
  2499 | D:3      | Noticed an ogre
  2503 | D:3      | Killed an ogre
  2504 | D:3      | Reached skill level 5 in Fighting
  2504 | D:3      | Reached skill level 4 in Long Blades
  2504 | D:3      | Reached skill level 5 in Armour
  2504 | D:3      | Reached skill level 5 in Shields
  2869 | D:4      | Reached XP level 6. HP: 56/56 MP: 5/5
  2945 | D:4      | Found a staircase to the Ecumenical Temple.
  2997 | Temple   | Entered the Ecumenical Temple
  3039 | D:4      | You fall into a shaft and drop 1 floor!
  3039 | D:5      | Entered Level 5 of the Dungeon
  3388 | D:5      | Reached skill level 5 in Long Blades
  3388 | D:5      | Reached XP level 7. HP: 55/62 MP: 6/6
  3429 | D:5      | Reached ** piety under the Shining One
  3445 | D:5      | Reached skill level 6 in Fighting
  3575 | D:5      | Reached skill level 6 in Armour
  3575 | D:5      | Reached skill level 6 in Shields
  3907 | D:5      | Identified the +2 quarterstaff "Moivviar" {vorpal, Will++}
  4227 | D:6      | You pick up a book of Spectacle and begin reading...
  4227 | D:6      | You add the spells Dazzling Flash, Iskenderun's Mystic
                  | Blast and Starburst to your library.
  4256 | D:6      | Reached skill level 6 in Long Blades
  4256 | D:6      | Reached XP level 8. HP: 57/71 MP: 7/7
  4318 | D:6      | Reached skill level 7 in Fighting
  4387 | D:6      | Reached skill level 7 in Armour
  4387 | D:6      | Reached skill level 7 in Shields
  4602 | D:6      | Found Dysuerph's Jewellery Boutique.
  4604 | D:6      | Found Ythracofo's Armour Boutique.
  4606 | D:6      | Found Faniocse's Antique Armour Boutique.
  4608 | D:6      | Noticed Dowan
  4610 | D:6      | Noticed Duvessa
  4625 | D:6      | Killed Dowan
  4630 | D:6      | HP: 10/73 [Duvessa/+0 short sword (12)]
  4631 | D:6      | Killed Duvessa
  4924 | D:6      | Found Arotil's Antique Weapon Boutique.
  4933 | D:6      | Bought a +0 kite shield of protection for 126 gold pieces
  5170 | D:6      | Identified the +2 buckler of the Yeti {Contam rPois rF+
                  | Int+5}
  5251 | D:6      | Reached skill level 7 in Long Blades
  5423 | D:7      | Noticed Joseph
  5447 | D:7      | Killed Joseph
  5448 | D:7      | Reached skill level 8 in Fighting
  5448 | D:7      | Reached skill level 8 in Armour
  5448 | D:7      | Reached skill level 8 in Shields
  5448 | D:7      | Reached XP level 9. HP: 37/81 MP: 8/8
  5802 | D:7      | Reached *** piety under the Shining One
  5852 | D:7      | Noticed Harold
  5879 | D:7      | Killed Harold
  5880 | D:7      | Reached skill level 8 in Long Blades
  5896 | D:7      | Reached skill level 9 in Fighting
  5906 | D:7      | Reached skill level 9 in Armour
  5906 | D:7      | Reached skill level 9 in Shields
  5930 | D:7      | HP: 17/83 [gnoll/+0 spear (5)]
  5935 | D:7      | HP: 8/83 [gnoll/+0 spear (5)]
  5936 | D:7      | HP: 2/83 [gnoll/+0 flail (6)]
  6411 | D:7      | Noticed a cyclops
  6427 | D:7      | Killed a cyclops
  6428 | D:7      | Reached skill level 9 in Long Blades
  6428 | D:7      | Reached XP level 10. HP: 71/91 MP: 9/9
  6514 | D:7      | Noticed Maggie
  6531 | D:7      | Killed Maggie
  6865 | D:8      | Found a blossoming altar of Fedhas.
  7267 | D:8      | Reached skill level 10 in Fighting
  7267 | D:8      | Reached skill level 10 in Shields
  7515 | D:9      | You pick up a book of Displacement and begin reading...
  7515 | D:9      | You add the spells Lesser Beckoning, Gell's Gravitas and
                  | Teleport Other to your library.
  7637 | D:9      | Reached skill level 10 in Armour
  7869 | D:9      | Noticed Grum
  7885 | D:9      | Reached skill level 10 in Long Blades
  7896 | D:9      | HP: 20/94 [Grum/+1 halberd (19)]
  7899 | D:9      | HP: 6/94 [Grum/+1 halberd (14)]
  7902 | D:9      | Killed Grum
  7902 | D:9      | HP: 2/94 [wolf[Grum] (1)]
  8272 | D:9      | Noticed an orange demon
  8391 | D:9      | You pick up a book of the Senses and begin reading...
  8391 | D:9      | You add the spells Agony and Silence to your library.
  8576 | D:9      | You pick up a book of Cantrips and begin reading...
  8576 | D:9      | You add the spells Summon Small Mammal and Apportation to
                  | your library.
  8593 | D:9      | Noticed a sun demon
  8608 | D:10     | Entered Level 10 of the Dungeon
  9030 | D:10     | HP: 20/94 [yak (7)]
  9053 | D:9      | Noticed an orange demon
  9054 | D:9      | HP: 15/94 [yak (10)]
  9059 | D:10     | HP: 7/94 [yak (6)]
  9068 | D:10     | HP: 12/94 [basilisk (14)]
  9076 | D:10     | Noticed a two-headed ogre
  9079 | D:10     | HP: 22/94 [yak (3)]
  9082 | D:10     | HP: 7/94 [two-headed ogre/+0 giant club (27)]
  9082 | D:10     | Mangled by a two-headed ogre

Vanquished Creatures
  Harold (D:7)
  A cyclops (D:7)
  Joseph (D:7)
  Maggie (D:7)
  12 yaks
  A wyvern (D:10)
  Grum (D:9)
  A steam dragon (D:8)
  Duvessa (D:6)
  A water moccasin (D:9)
  4 ice beasts
  4 necrophages
  A sky beast (D:7)
  4 wolves (D:9)
  5 ogres
  3 centaurs
  A phantom (D:5)
  A bullfrog (D:7)
  2 kobold brigands
  2 scorpions
  A water moccasin zombie (D:6)
  A wyvern skeleton (D:6)
  Dowan (D:6)
  5 howler monkeys
  3 hounds
  3 centaur zombies
  2 gnoll shamans
  2 orc priests
  6 iguanas
  3 orc wizards
  A scorpion zombie (D:5)
  Natasha (D:2)
  A hound skeleton (D:4)
  A howler monkey zombie (D:9)
  Robin (D:3)
  8 gnolls
  12 adders
  2 howler monkey skeletons (D:7)
  A shadow imp (D:7)
  A worm (D:2)
  2 dart slugs (D:1)
  18 orcs
  7 ball pythons
  6 bats
  9 endoplasms
  2 giant cockroaches (D:1)
  17 goblins
  8 hobgoblins
  5 quokkas
  3 frilled lizards
  15 kobolds
  2 rats
198 creatures vanquished.

Vanquished Creatures (others)
  A fungus (D:1)
  2 plants (D:1)
3 creatures vanquished.

Grand Total: 201 creatures vanquished

Table legend:
 A = Non-vault XP
 B = Vault XP
 C = Vault XP percentage of total XP
 D = Non-vault monster count
 E = Vault monster count
 F = Vault count percentage of total count
                 A         B        C        D         E       F
            +---------+---------+-------+---------+---------+-------
      Total |    7730 |    2804 |  26.6 |     163 |      35 |  17.7
            +---------+---------+-------+---------+---------+-------
        D:1 |      64 |       8 |  11.1 |      28 |       4 |  12.5
        D:2 |      57 |      33 |  36.7 |      11 |       1 |   8.3
        D:3 |     143 |      34 |  19.2 |      12 |      12 |  50.0
        D:4 |     265 |       0 |   0.0 |      17 |       0 |   0.0
        D:5 |     633 |       0 |   0.0 |      15 |       0 |   0.0
        D:6 |    1074 |     216 |  16.7 |      17 |       2 |  10.5
        D:7 |    1563 |    1850 |  54.2 |      22 |      11 |  33.3
        D:8 |    1479 |       0 |   0.0 |      19 |       0 |   0.0
        D:9 |    1237 |     663 |  34.9 |      14 |       5 |  26.3
       D:10 |    1215 |       0 |   0.0 |       8 |       0 |   0.0
            +---------+---------+-------+---------+---------+-------

Illustrated notes

Table legend:
 A = Kills in this place as a percentage of kills in entire the game.
 B = Kills by you in this place as a percentage of kills by you in the entire game.
 C = Kills by friends in this place as a percentage of kills by friends in the entire game.
 D = Other kills in this place as a percentage of other kills in the entire game.
 E = Experience gained in this place as a percentage of experience gained in the entire game.
 F = Experience gained in this place divided by the number of levels of this place that you have seen.
                   A       B       C       D       E      F
               +-------+-------+-------+-------+-------+----------------------
         Total | 100.0 | 100.0 |   N/A |   N/A | 100.0 | 957.6
       Dungeon | 100.0 | 100.0 |   N/A |   N/A | 100.0 | 1053.4
               +-------+-------+-------+-------+-------+----------------------

Table legend: (Time is in decaauts)
 A = Elapsed time spent in this place.
 B = Non-inter-level travel time spent in this place.
 C = Inter-level travel time spent in this place.
 D = Time resting spent in this place.
 E = Time spent auto-exploring this place.
 F = Levels seen in this place.
 G = Mean time per level.
                   A        B        C        D        E       F      G
               +--------+--------+--------+--------+--------+-----+--------+
         Total |   9268 |   9092 |    176 |   1822 |   4416 |  11 |  842.5 |
       Dungeon |   9264 |   9090 |    174 |   1822 |   4416 |  10 |  926.4 |
        Temple |      4 |      3 |      1 |      0 |      0 |   1 |    4.0 |
               +--------+--------+--------+--------+--------+-----+--------+

Top non-repeatable levels by time:
     D:6: 1657 daAuts
     D:1: 1288 daAuts
     D:7: 1064 daAuts
     D:3: 1015 daAuts
     D:8: 950 daAuts
     D:5: 901 daAuts
     D:9: 747 daAuts
     D:4: 607 daAuts
     D:2: 556 daAuts
    D:10: 474 daAuts
  Temple: 4 daAuts
